 Dungeon Sprint DCSS version 0.19-a0-1827-g174f941 (webtiles) character file.

383 Theye the Carver (level 6, 0/96 (100) HPs)
             Began as a Deep Dwarf Berserker on Oct 7, 2016.
             Was a Priest of Trog.
             Slain by a necrophage (3 damage)
             ... in the Dungeon (Sprint II: "The Violet Keep of Menkaure").
             The game lasted 00:00:55 (143 turns).

Theye the Carver (Deep Dwarf Berserker)              Turns: 143, Time: 00:00:56

HP:   0/96 (100)    AC:  2    Str: 25    XL:     6   Next: 47%
MP:   6/6           EV: 15    Int:  8    God:    Trog [***...]
Gold: 243           SH:  0    Dex: 14    Spells: 0 memorised, 5 levels left

rFire  . . .     SeeInvis .     a - +0 falchion
rCold  . . .     Gourm    .     b - +0 animal skin
rNeg   . . .     Faith    .     (no shield)
rPois  .         Spirit   .     (no helmet)
rElec  .         Dismiss  .     (no cloak)
rCorr  .         Reflect  .     (no gloves)
MR     .....     Harm     .     (no boots)
Stlth  .......... NoTele   +    (no amulet)
                                (no ring)
                                (no ring)

@: berserking, non-regenerating, diseased, very quick
A: damage resistance, recharge devices, sense surroundings 1, slow regeneration
3
a: Device Recharging, Berserk, Trog's Hand, Burn Spellbooks, Renounce Religion


You were in the Dungeon.
You worshipped Trog.
Trog was most pleased with you.
You were not hungry.

You visited 1 branch You collected 243 gold pieces.

Inventory:

Hand Weapons
 a - a +0 falchion (weapon)
Armour
 b - a +0 animal skin (worn)
Wands
 c - a wand of heal wounds (4/9)
Scrolls
 j - a scroll of blinking
Potions
 e - a potion of curing
 f - a potion of heal wounds
 g - a potion of haste
 h - 2 potions of magic
 i - a potion of berserk rage
Comestibles
 d - a bread ration


   Skills:
 + Level 8.0 Fighting
 + Level 9.5 Long Blades
 + Level 5.4 Armour
 + Level 6.1 Dodging
 + Level 0.3 Evocations


You had 5 spell levels left.
You didn't know any spells.

Dungeon Overview and Level Annotations

Branches:
Dungeon (1/1)

Altars:

Shops:
D [(:%(==[}?%:!=[!

Annotations:
D exclusion: oklob plant


Innate Abilities, Weirdness & Mutations

You are resistant to damage.
You can recharge devices by infusing magical energy.
You passively map a small area around you.
You do not regenerate.


Message History

Your Dodging skill increases to level 6!
A necrophage opens the gate.
The electric eel shoots out a bolt of lightning at you!
The bolt of electricity hits you!
* * * LOW HITPOINT WARNING * * *
The electric eel shoots out a bolt of lightning at you!
The bolt of electricity hits the electric eel.
The electric eel completely resists.
The bolt of electricity hits you!
* * * LOW HITPOINT WARNING * * *
An electric eel comes into view.
You barely miss the necrophage.
Unknown command.
You slash the necrophage!
The necrophage is heavily damaged.
The electric eel shoots out a bolt of lightning at you!
The bolt of electricity hits the electric eel.
The electric eel completely resists.
The bolt of electricity hits you!
* * * LOW HITPOINT WARNING * * *
The necrophage hits you.
You die...

, * , * * *, ####+####,
∩ ##§§§≈§≈≈##⌠ ∩
##≈§§§§§≈≈≈## , * * ** ,
≈§≈§§§§§≈≈≈#* , , ,
###≈≈§;;;§≈≈# , * ,
#≈##;;;;;§;**
*##########≈≈#'§n#+++##
, ,
###########≈≈≈.§@n.....#
,
##........#≈≈≈≈.##'##..#
, ,
##...⌠....#≈≈≈≈##.#.#* #
* + ##..∩.∩...#≈≈≈≈#..
..#, ,
##.∩.∩.∩..#≈≈####. .##
** ,
##∩.∩.∩.∩.#≈##.###+##* ,
##.∩...∩.∩#≈#..###.## *
##∩.....∩.'≈'##†'.<.+ ,
##.......∩#≈#..###.## ,
,


You could see 2 necrophages and 9 electric eels.

Vanquished Creatures
  Menkaure (D)
  2 necrophages (D)
  4 worker ants (D)
7 creatures vanquished.

Notes
Turn   | Place    | Note
-------+----------+-------------------------------------------
     0 | D        | Theye the Deep Dwarf Berserker began the quest for the Orb.
     0 | D        | Reached XP level 1. HP: 20/20 MP: 1/1
     1 | D        | Noticed a worker ant
     1 | D        | Noticed a worker ant
    14 | D        | Killed a worker ant
    14 | D        | Reached skill level 4 in Long Blades
    14 | D        | Reached XP level 2. HP: 13/30 MP: 2/2
    21 | D        | Reached skill level 5 in Long Blades
    21 | D        | Reached XP level 3. HP: 11/37 MP: 3/3
    23 | D        | Reached ** piety under Trog
    23 | D        | Reached skill level 5 in Fighting
    23 | D        | Reached XP level 4. HP: 14/46 MP: 4/4
    27 | D        | Reached skill level 6 in Long Blades
    70 | D        | Found Poklax Isou's Distillery.
    71 | D        | Found Toguck Tuku's Antique Armour Boutique.
    71 | D        | Found Pumaum's Book Shop.
    71 | D        | Found Xasu's Distillery.
    71 | D        | Found Xiefamae's Magic Scroll Boutique.
    71 | D        | Found Qaerant's Food Boutique.
    71 | D        | Found Lecwatec's Antique Armour Shop.
    71 | D        | Found Dainuq's Gadget Shop.
    72 | D        | Found Nesch's Jewellery Shop.
    72 | D        | Found Cepheono's Jewellery Boutique.
    73 | D        | Found Mempoa's Jewellery Boutique.
    74 | D        | Found Eduah's Weapon Shop.
    74 | D        | Found Coseso Rihu's Food Boutique.
    74 | D        | Noticed Menkaure
    74 | D        | Noticed a fire dragon
    74 | D        | Noticed an oklob plant
    75 | D        | Found Lyom's Antique Weapon Shop.
    75 | D        | Found Lezyximm's Armour Boutique.
    75 | D        | Found Saduphy's Book Shoppe.
    89 | D        | Killed Menkaure
    89 | D        | Reached skill level 8 in Long Blades
    89 | D        | Reached skill level 5 in Dodging
    89 | D        | Reached XP level 5. HP: 56/56 MP: 5/5
    94 | D        | Noticed a polar bear
    95 | D        | Noticed a polar bear
   122 | D        | Noticed a necrophage
   122 | D        | Noticed a necrophage
   122 | D        | Noticed a necrophage
   122 | D        | Noticed a necrophage
   129 | D        | Killed a necrophage
   129 | D        | Reached *** piety under Trog
   129 | D        | Reached skill level 5 in Armour
   129 | D        | Reached XP level 6. HP: 37/65 MP: 6/6
   141 | D        | Reached skill level 9 in Long Blades
   143 | D        | HP: 3/96 [electric eel/bolt of electricity (12)]
   143 | D        | Slain by a necrophage

Vault maps used:
D:        the_violet_keep_of_menkaure

Skill      XL: |  1  2  3  4  5  6 |
---------------+-------------------+-----
Fighting       | 4 5 6 7 8 |  8.0
Long Blades    | 4 5 8 9 |  9.5
Dodging        | 3 5 6 |  6.1
Armour         | 3 4 5 |  5.4
Evocations     | |  0.3

Action                   |  1- 3 |  4- 6 || total
-------------------------+-------+-------++-------
Melee: Falchion          |    18 |    24 ||    42
Invok: Berserk           |     1 |     2 ||     3
Evoke: Wand              |       |     1 ||     1
Armor: Animal skin       |     3 |     1 ||     4
Dodge: Dodged            |    11 |    18 ||    29
       Rpst.: Falchion   |     4 |     5 ||     9
